 Dungeon Crawl Stone Soup version 0.28-a0-476-g0f06bd746f (webtiles) character file.

Game seed: 12999740194896154657

18 Spaninq the Ruffian (level 2, -11/24 HPs)
             Began as a Draconian Transmuter on Sept 16, 2021.
             Mangled by Sigmund (12 damage)
             ... on level 2 of the Dungeon.
             The game lasted 00:02:17 (1450 turns).

Spaninq the Ruffian (Draconian Transmuter)          Turns: 1450, Time: 00:02:18

Health: -11/24     AC:  5    Str: 12    XL:     2   Next: 48%
Magic:  4/5        EV: 12    Int: 13    God:
Gold:   73         SH:  0    Dex: 11    Spells: 2/5 levels left

rFire   . . .      SeeInvis .     - Unarmed
rCold   . . .      Faith    .   (no shield)
rNeg    . . .      Spirit   .   (armour unavailable)
rPois   .          Reflect  .   (helmet currently unavailable)
rElec   .          Harm     .   (no cloak)
rCorr   .          Rampage  .   e - +0 pair of gloves
Will    .....                   (boots currently unavailable)
Stlth   +.........              (no amulet)
HPRegen 0.08/turn               (no ring)
MPRegen 0.09/turn               (no ring)

@: appendages
A: horns 2, talons 2, AC +4, unfitting armour, cold-blooded
a: End Transformation


You were on level 2 of the Dungeon.
You had temporarily grown beastly horns and talons.
You visited 1 branch of the dungeon, and saw 2 of its levels.

You collected 73 gold pieces.

Inventory:

Armour
 e - a +0 pair of gloves (worn)
Scrolls
 a - a scroll of identify {unknown}
 b - a scroll of immolation {unknown}
 d - a scroll of teleportation {unknown}
 f - a scroll of fear {unknown}


   Skills:
 + Level 1.6 Fighting
 - Level 2.0 Dodging
 * Level 3.5 Unarmed Combat
 - Level 2.0 Spellcasting
 - Level 2.0 Transmutations


You had 2 spell levels left.
You knew the following spells:

 Your Spells              Type           Power      Damage    Failure   Level
a - Beastly Appendage     Tmut           12%        N/A       11%         1
b - Wereblood             Tmut           6%         N/A       17%         2

Your spell library contained the following spells:

 Spells                   Type           Power      Damage    Failure   Level
 Spider Form              Tmut/Pois      1%         N/A       45%         3
 Ice Form                 Ice/Tmut       3%         N/A       86%         4


Dungeon Overview and Level Annotations

Branches:
Dungeon (2/15)

Altars:

Annotations:
D:2 Sigmund


Innate Abilities, Weirdness & Mutations

You have temporarily grown beastly horns and talons.
Your plain brown scales are hard. (AC +4)
You cannot fit into any form of body armour.
You are cold-blooded and may be slowed by cold attacks.


Message History

Sigmund points at you and mumbles some strange words.
The magic dart hits you!
You hit Sigmund. Your kick misses Sigmund.
Sigmund is moderately wounded.
Sigmund hits you but does no damage.
You closely miss Sigmund. Your kick misses Sigmund.
Sigmund is moderately wounded.
You hit Sigmund.
Sigmund is heavily wounded.
Sigmund barely misses you.
You barely miss Sigmund. Your kick misses Sigmund.
Your headbutt misses Sigmund. You tail-slap Sigmund.
Sigmund is heavily wounded.
Sigmund misses you.
You hit Sigmund. You claw Sigmund, but do no damage.
Your headbutt misses Sigmund. You tail-slap Sigmund.
Sigmund is severely wounded.
Your horns disappear.
Your talons disappear.
Casting: Beastly Appendage (safe; 11% risk of failure)
Confirm with . or Enter, or press ? or * to list all spells.
You grow a pair of large bovine horns.
Your feet morph into talons.
Sigmund hits you with a +0 scythe.
* * * LOW HITPOINT WARNING * * *
You barely miss Sigmund. Your kick misses Sigmund.
You headbutt Sigmund, but do no damage.
Sigmund is severely wounded.
Sigmund casts a spell at you.
You are confused.
Sigmund drinks a potion.
Sigmund is healed!
Sigmund gestures at you while chanting. The magic dart hits you.
* * * LOW HITPOINT WARNING * * *
Sigmund zaps a wand.
Some rock shatters into small pieces.
The now-empty wand crumbles to dust.
You feel less confused.
Sigmund breathes a few words.
Sigmund's hands start flickering wildly.
Sigmund hits you with a +0 scythe!
Ouch! That really hurt!
You die...

#.. #......<# ######## #..
#......## .......#
#..###......##########
.......#
#.....................
.......#
#..............#######
.......#
#..............'......
########
#..............####.#.
#####
#####..............##...#.
.....
.........@........>##.#...
#####
########.@###.#.#.....#.#.
#.## #.#.#.....#.#. #..
#.#.#.....#.#. ###### ##.#
#.#.#.....#.#. #....# ..
#.#.#.....#.#. #....#
#.##.#.#.....#.#.
#....#####..#.#.#.....#.#.
#...#
#....<......#.#.#.....#.#.


You could see Sigmund.

Vanquished Creatures
  A dart slug (D:1)
  A giant cockroach (D:2)
  A goblin (D:1)
  A hobgoblin (D:2)
  2 quokkas
  A ball python (D:1)
  2 bats (D:1)
  2 frilled lizards (D:1)
  2 kobolds (D:1)
  3 rats
16 creatures vanquished.

Notes
Turn   | Place    | Note
-------+----------+-------------------------------------------
     0 | D:1      | Spaninq the Draconian Transmuter began the quest for the
                  | Orb.
     0 | D:1      | Reached XP level 1. HP: 16/16 MP: 3/3
   393 | D:1      | Reached XP level 2. HP: 18/23 MP: 3/5
   503 | D:1      | Learned a level 2 spell: Wereblood
  1426 | D:2      | Noticed Sigmund
  1446 | D:2      | HP: 1/24 [Sigmund/magic dart (4)]
  1450 | D:2      | Mangled by Sigmund

Illustrated notes

Levels and vault maps discovered:
D:1:      dpeg_arrival_rooms_a, layout_basic
D:2:      layout_basic, kennysheep_generic_room_9, uniq_sigmund, uniq_natasha

Skill      XL: |  1 |
---------------+----+-----
Dodging        | 2 |  2.0
Fighting       | |  1.6
Unarmed Combat | |  3.5
Spellcasting   | |  2.0
Transmutations | |  2.0

Action                   || total
-------------------------++-------
Melee: Unarmed           ||    66
       Kick              ||     9
       Tailslap          ||     6
       Punch             ||     1
       Headbutt          ||     7
 Cast: Beastly Appendage ||    13
       Wereblood         ||     1
  Use: Potion            ||     1
Armor: Skin              ||    10
Dodge: Dodged            ||    33

Table legend: (Time is in decaauts)
 A = Elapsed time spent in this place.
 B = Non-inter-level travel time spent in this place.
 C = Inter-level travel time spent in this place.
 D = Time resting spent in this place.
 E = Time spent auto-exploring this place.
 F = Levels seen in this place.
 G = Mean time per level.
                   A        B        C        D        E       F      G
               +--------+--------+--------+--------+--------+-----+--------+
         Total |   1446 |   1399 |     47 |    100 |   1082 |   2 |  723.0 |
       Dungeon |   1446 |   1399 |     47 |    100 |   1082 |   2 |  723.0 |
               +--------+--------+--------+--------+--------+-----+--------+

Top non-repeatable levels by time:
     D:1: 987 daAuts
     D:2: 459 daAuts
